AoeStats
← thing2

Arabia

508330229Analyzed
1v1 RM · 12d ago on Sep 22, 2026· 34m 50s· 2 players
Game mode
Random Map
Map size
Tiny (2 player)
Population
200
Speed
Normal
Resources
Standard
Victory
Conquest
Starting age
Dark Age
Ending age
Imperial Age
RankedLock teamsTeams togetherTeam positionsShared explorationLock speedFull tech treeHidden civsTurbo modeCheats
Victory
Defeat
🇨🇦 Italians · Canada
1284
+19
🇨🇳 Lithuanians · China
1343
-19
thing2
6:53 Loom
9:46 Feudal Age
10:19 Double-Bit Axe
10:15 Horse Collar
22:08 Castle Age
21:07 Bloodlines
21:11 Forging
21:07 Scale Barding Armor
23:14 Bow Saw
23:05 Heavy Plow
23:37 Husbandry
23:38 Town Watch
24:29 Wheelbarrow
24:45 Iron Casting
28:16 Chain Barding Armor
1175****64
6:01 Loom
8:39 Feudal Age
9:23 Double-Bit Axe
10:00 Double-Bit Axe
15:23 Scale Barding Armor
21:35 Castle Age
20:50 Horse Collar
24:37 Bow Saw
24:18 Town Watch
25:08 Wheelbarrow
28:09 Pikeman
28:49 Squires
28:57 Scale Mail Armor
29:07 Forging
31:12 Iron Casting
Connection lost

Rejoining the realm…

Still unreachable

The connection could not be restored.

Session expired

The server has moved on; the page needs a fresh start.